Map: Carnage sur Korhal EC

Players

unknown

  • Race: Protoss Protoss
  • League: Silver
  • Spawn Location: 9:00

zidar - Winner!

  • Race: Zerg Zerg
  • League: Silver
  • Spawn Location: 6:00

VOD

Have the link to the VOD?

Description

Time

  • Played on: April 26, 2016, 1:19 p.m.
  • Length: 8:21
Show
View Real Time Build Order
Export as new Build Order

unknown Protoss 

Build Orders: 1 Gate Expand 

Get SALT Encoding   

  12  0:01  Probe (Chrono Boost)  
  13  0:12  Probe (Chrono Boost)  
  14  0:18  Pylon  
  14  0:22  Probe (Chrono Boost)  
  15  0:36  Gateway, Probe (Chrono Boost)  
  16  0:47  Probe (Chrono Boost)  
  17  0:58  Probe (Chrono Boost)  
  18  1:10  Assimilator  
  18  1:20  Nexus  
  18  1:26  Probe (Chrono Boost)  
  18  1:31  Cybernetics Core  
  19  1:37  Probe (Chrono Boost)  
  20  1:47  Probe (Chrono Boost)  
  20  1:53  Pylon  
  21  1:58  Probe (Chrono Boost)  
  22  2:10  Probe (Chrono Boost)  
  22  2:11  Warp Gate  
  23  2:26  Probe (Chrono Boost)  
  23  2:27  Adept  
  26  2:31  Assimilator  
  26  2:37  Gateway  
  26  2:38  Probe (Chrono Boost)  
  27  2:54  Pylon  
  27  2:55  Pylon  
  27  3:07  Robotics Facility  
  27  3:08  Probe (Chrono Boost)  
  27  3:12  Probe (Chrono Boost)  
  29  3:15  Stalker  
  29  3:18  Probe (Chrono Boost), Pylon  
  32  3:30  Probe x2 (Chrono Boost)  
  34  3:39  Adept  
  33  3:51  Mothership Core (Chrono Boost)  
  34  4:00  Zealot  
  32  4:32  Adept  
  34  4:45  Pylon  
  34  4:46  Pylon x2  
  34  4:48  Pylon  
  20  5:01  Probe (Chrono Boost)  
  20  5:02  Probe (Chrono Boost)  
  5  5:20  Adept x2  
  8  5:21  Probe (Chrono Boost)  
  8  5:23  Probe (Chrono Boost)  
  9  5:32  Probe (Chrono Boost)  
  9  5:34  Probe (Chrono Boost)  
  11  5:41  Observer  
  11  5:42  Probe (Chrono Boost)  
  12  5:57  Zealot x2  
  16  6:12  Probe (Chrono Boost)  
  17  6:22  Probe (Chrono Boost)  
  18  6:28  Zealot  
  20  6:33  Probe (Chrono Boost)  
  21  6:42  Zealot  
  21  6:44  Probe (Chrono Boost)  
  25  6:54  Probe (Chrono Boost)  
  25  7:05  Probe (Chrono Boost)  
  26  7:15  Probe (Chrono Boost)  
  27  7:18  Zealot x2  
  31  7:30  Probe (Chrono Boost)  
  32  7:41  Probe (Chrono Boost), Zealot  
  31  8:07  Probe (Chrono Boost)  
Show
View Real Time Build Order
Export as new Build Order

zidar Zerg - Winner!

Build Orders: Pool First 

Get SALT Encoding   

  12  0:02  Drone  
  13  0:12  Overlord  
  13  0:17  Drone  
  14  0:30  Drone x2  
  14  0:34  Drone  
  17  0:47  Spawning Pool  
  17  0:49  Drone  
  17  1:15  Hatchery  
  17  1:17  Drone  
  17  1:20  Drone  
  18  1:27  Overlord  
  18  1:36  Queen  
  21  1:40  Drone  
  21  1:45  Extractor, Drone  
  21  1:56  Drone  
  22  2:12  Queen  
  24  2:25  Drone x3  
  27  2:31  Drone  
  28  2:53  Zergling x2  
  28  2:54  Zergling x10  
  28  2:56  Metabolic Boost  
  34  3:03  Zergling x4  
  36  3:27  Overlord x3  
  36  3:28  Overlord  
  36  3:59  Zergling x24  
  43  4:34  Zergling x12  
  43  5:04  Zergling x2  
  43  5:05  Zergling x6  
  41  5:27  Zergling x8  
  42  5:39  Roach Warren  
  42  5:40  Extractor  
  40  5:43  Drone  
  40  5:44  Drone x4  
  36  6:15  Zergling x2  
  36  6:16  Zergling x18  
  45  6:23  Roach x4  
  45  6:24  Hatchery  
  52  6:45  Roach  
  52  6:46  Roach x7  
  66  7:04  Roach  
  66  7:06  Overlord x3  
  68  7:24  Drone x7  
  75  7:30  Extractor  
  75  7:32  Extractor  
  73  7:44  Queen  
Tags
 
Add a new tag
Caveats
  • Supply blocks, unpowered buildings, or Contaminate may cause inaccurate times.
  • Supply counts are checked every 10 seconds.